 Dungeon Crawl Stone Soup version 0.21.0-3-g78d12a8 (webtiles) character file.

2040 manyhoops the Magician (level 9, -3/60 HPs)
             Began as a Gnoll Wanderer on Jan 9, 2018.
             Was a Believer of Hepliaklqana.
             Slain by a porcupine (11 damage)
             ... on level 8 of the Dungeon.
             The game lasted 00:13:44 (7936 turns).

manyhoops the Magician (Gnoll Wanderer)             Turns: 7936, Time: 00:13:45

Health: -3/60      AC:  7    Str: 18    XL:     9   Next: 24%
Magic:  26/27      EV: 14    Int: 16    God:    Hepliaklqana [**....]
Gold:   200        SH:  4    Dex: 13    Spells: 8/20 levels left

rFire    . . .     SeeInvis .   i - +1 trident (freeze)
rCold    . . .     Gourm    .   (no shield)
rNeg     . . .     Faith    .   e - +0 leather armour
rPois    .         Spirit   .   m - +0 helmet
rElec    .         Reflect  +   j - +0 cloak
rCorr    .         Harm     .   w - +0 pair of gloves
MR       .....     Clarity  +   (no boots)
Stlth    ++........             C - +4 amulet of reflection
HPRegen  0.20/turn              A - ring of magical power
MPRegen  0.20/turn              (no ring)

@: no status effects
A: distributed training, reduced essence, fangs 1, clarity, wild magic 1, strong
nose
a: Recall Ancestor, Ancestor Identity, Renounce Religion


You were on level 8 of the Dungeon.
You worshipped Hepliaklqana.
Hepliaklqana was pleased with you.
You were hungry.

You visited 2 branches of the dungeon, and saw 9 of its levels.

You collected 408 gold pieces.
You spent 208 gold pieces at shops.

Inventory:

Hand Weapons
 c - a +0 spear
 i - a +1 trident of freezing (weapon)
Armour
 e - a +0 leather armour (worn)
 j - a +0 cloak (worn)
 m - a +0 helmet (worn)
 w - a +0 pair of gloves (worn)
Jewellery
 A - a ring of magical power (left hand)
 C - a +4 amulet of reflection (around neck)
 F - an uncursed amulet of magic regeneration {unknown}
Wands
 x - a wand of random effects (23)
 D - a wand of flame (20)
 E - a wand of acid (10)
Scrolls
 g - 3 scrolls of remove curse
 h - 3 scrolls of amnesia
 o - a scroll of enchant armour
 p - 3 scrolls of teleportation
 r - a scroll of magic mapping
 s - a scroll of blinking
 u - a scroll of fear
 y - a scroll of fog
Potions
 d - a potion of heal wounds {unknown}
 k - a potion of degeneration
 l - a potion of agility
 n - a potion of brilliance
 q - a potion of curing
 t - a potion of mutation
 v - a potion of invisibility {unknown}
 z - 2 potions of resistance
Books
 a - a book of Flames

   Spells                             Type                      Level
   a - Flame Tongue                   Conjuration/Fire             1
   b - Throw Flame                    Conjuration/Fire             2
   c - Conjure Flame                  Conjuration/Fire             3
   d - Inner Flame                    Hexes/Fire                   3
   e - Sticky Flame                   Conjuration/Fire             4
   f - Fireball                       Conjuration/Fire             5
 b - the Tome of Stolen Souls

   Spells                             Type                      Level
   a - Animate Skeleton               Necromancy                   1
   b - Regeneration                   Charms/Necromancy            3
 G - a book of Misfortune

   Spells                             Type                      Level
   a - Confusing Touch                Hexes                        1
   b - Confuse                        Hexes                        3
   c - Gell's Gravitas                Translocation                3
   d - Petrify                        Transmutation/Earth          4
   e - Metabolic Englaciation         Hexes/Ice                    5
   f - Yara's Violent Unravelling     Hexes/Transmutation          5
Comestibles
 f - 13 rations


   Skills:
 + Level 4.8 Fighting
 + Level 4.0 Short Blades
 + Level 4.0 Long Blades
 + Level 4.0 Axes
 + Level 4.0 Maces & Flails
 + Level 4.0 Polearms
 + Level 4.0 Staves
 + Level 4.0 Slings
 + Level 4.0 Bows
 + Level 4.0 Crossbows
 + Level 4.0 Throwing
 + Level 4.0 Armour
 + Level 4.8 Dodging
 + Level 4.7 Stealth
 + Level 4.8 Shields
 + Level 4.0 Unarmed Combat
 + Level 6.4 Spellcasting
 + Level 3.2 Conjurations
 + Level 3.2 Hexes
 + Level 3.2 Charms
 + Level 3.2 Summonings
 + Level 3.2 Necromancy
 + Level 3.2 Translocations
 + Level 3.2 Transmutations
 + Level 5.1 Fire Magic
 + Level 4.0 Ice Magic
 + Level 3.2 Air Magic
 + Level 3.2 Earth Magic
 + Level 3.2 Poison Magic
 + Level 4.4 Invocations
 + Level 4.8 Evocations


You had 8 spell levels left.
You knew the following spells:

 Your Spells              Type           Power        Failure   Level  Hunger
a - Flame Tongue          Conj/Fire      ###..        4%          1    None
b - Throw Flame           Conj/Fire      ###...       7%          2    None
c - Conjure Flame         Conj/Fire      ###.....     13%         3    ##.....
d - Inner Flame           Hex/Fire       ###.....     13%         3    ##.....
e - Regeneration          Chrm/Necr      ###.......   17%         3    ##.....


Dungeon Overview and Level Annotations

Branches:
Dungeon (8/15)             Temple (1/1) D:4            Lair (0/6) D:8

Altars:
Ashenzari
Elyvilon
Fedhas
Gozag
Hepliaklqana
Makhleb
Okawaru
Qazlal
Ru
Trog
Uskayaw
Wu Jian
Xom
Yredelemnul
Zin

Shops:
D:5 }   D:6 *


Innate Abilities, Weirdness & Mutations

Your experience applies equally to all skills.
You have very sharp teeth.
Your uncanny sense of smell can sniff out nearby items.
Your life essence is reduced to manifest your ancestor. (-10% HP)
You possess an exceptional clarity of mind.
Your spells are a little harder to cast, but a little more powerful.


Message History

The porcupine is severely wounded.
The porcupine bites Bojana!
Bojana is destroyed!
The porcupine twitches its whiskers.
Attack whom?
Press: ? - help, Dir - move target cursor, f/p - porcupine
Aim: a porcupine (severely wounded)
You are struck by the porcupine's spines.
You hit the porcupine but do no damage.
The porcupine is severely wounded.
You block the porcupine's attack.
Attack whom?
Press: ? - help, Dir - move target cursor, f/p - porcupine
Aim: a porcupine (severely wounded)
You are struck by the porcupine's spines.
* * * LOW HITPOINT WARNING * * *
You barely miss the porcupine.
The porcupine is severely wounded.
The porcupine bites you!
You die...

#..*,.,..,,,,,**,,,,,,*
**..##.,P,,,,,,***,,,,,*
*,,[...#.,*,,*,**,,,,,,,
*,,,<.#h...,**,,*,**,*,*
*,,,,...#..***,,,,,,,,>,
*,,,,,..#..,,,,,****,,,,
*,,,∆*#†#.#**,,,,,,,,,,,
*,,,,*#r#.# *∆,,,,,,,,**
*,,,,*#@#.# *,,,,,,,,,*
*,,,,*#.#.# *,,,∆,,,,,**
******#...# ******,,,,,*
####..###### *,,,,,*
#(.........# *,,,,,*
#..........# *,,,,,*
#.......[..# *,,,,,*
#..........# *,,,,,*
#......<...# *,,,,,*


You could see a wolf (wandering) and a porcupine.

Vanquished Creatures
  A hippogriff (D:8)
  A black bear (D:6)
  2 phantoms
  A big kobold (D:6)
  2 bullfrogs
  2 scorpions
  A howler monkey (D:4)
  A crimson imp (D:4)
  A bullfrog zombie (D:5)
  5 hounds
  A jelly (D:6)
  5 orc priests
  An iguana (D:4)
  Natasha (thrice) (D:4)
  2 orc wizards (D:4)
  4 worker ants
  A hound skeleton (D:4)
  Robin (D:4)
  8 adders
  A howler monkey skeleton (D:4)
  3 oozes
  2 worms
  2 dart slugs
  17 orcs
  8 giant cockroaches
  7 hobgoblins
  11 jackals
  23 kobolds
  A quokka (D:4)
  A ball python (D:1)
  4 bats
  8 frilled lizards
  17 goblins
  2 goblin skeletons (D:3)
  A leopard gecko zombie (D:6)
  A quokka skeleton (D:4)
  5 rats (D:2)
157 creatures vanquished.

Vanquished Creatures (collateral kills)
  A centaur (D:5)
  A bullfrog (D:6)
  A howler monkey (D:7)
  3 orc wizards
  An orc priest (D:6)
  3 adders
  A shadow imp (D:7)
  2 adder skeletons (D:5)
  5 orcs
  2 quokkas
  A kobold (D:6)
21 creatures vanquished.

Vanquished Creatures (others)
  A hexer (D:8)
  An ancestor (D:6)
2 creatures vanquished.

Grand Total: 180 creatures vanquished

Notes
Turn   | Place    | Note
-------+----------+-------------------------------------------
     0 | D:1      | manyhoops the Gnoll Wanderer began the quest for the Orb.
     0 | D:1      | manyhoops set off with: a book of Flames, the Tome of Stolen Souls, a +0 spear, a +0 robe, a ration
     0 | D:1      | Reached XP level 1. HP: 17/17 MP: 6/6
     0 | D:1      | Identified the Tome of Stolen Souls
     2 | D:1      | Learned a level 1 spell: Flame Tongue
   147 | D:1      | Reached XP level 2. HP: 18/23 MP: 5/7
   640 | D:1      | Reached XP level 3. HP: 24/28 MP: 9/9
   665 | D:2      | Reached skill level 5 in Spellcasting
  1055 | D:2      | Reached skill level 1 in Invocations
  1210 | D:2      | Found an iron altar of Okawaru.
  1415 | D:2      | Reached skill level 1 in Short Blades
  1415 | D:2      | Reached skill level 1 in Long Blades
  1415 | D:2      | Reached skill level 1 in Axes
  1415 | D:2      | Reached skill level 1 in Maces & Flails
  1415 | D:2      | Reached skill level 1 in Polearms
  1415 | D:2      | Reached skill level 1 in Staves
  1415 | D:2      | Reached skill level 1 in Slings
  1415 | D:2      | Reached skill level 1 in Bows
  1415 | D:2      | Reached skill level 1 in Crossbows
  1415 | D:2      | Reached skill level 1 in Throwing
  1415 | D:2      | Reached skill level 1 in Armour
  1415 | D:2      | Reached skill level 1 in Unarmed Combat
  1420 | D:2      | Reached XP level 4. HP: 28/34 MP: 8/11
  1474 | D:2      | Learned a level 2 spell: Throw Flame
  1478 | D:2      | Learned a level 3 spell: Conjure Flame
  1616 | D:3      | Found a glowing silver altar of Zin.
  1633 | D:3      | Found a white marble altar of Elyvilon.
  1633 | D:3      | Found a basalt altar of Yredelemnul.
  1633 | D:3      | Found a hide-covered altar of Uskayaw.
  1640 | D:3      | Found a shattered altar of Ashenzari.
  1641 | D:3      | Found a stormy altar of Qazlal.
  1642 | D:3      | Found a blossoming altar of Fedhas.
  1872 | D:3      | Noticed a human
  1873 | D:3      | Found a runed door.
  1883 | D:3      | Reached skill level 1 in Conjurations
  1883 | D:3      | Reached skill level 1 in Hexes
  1883 | D:3      | Reached skill level 1 in Charms
  1883 | D:3      | Reached skill level 1 in Summonings
  1883 | D:3      | Reached skill level 1 in Necromancy
  1883 | D:3      | Reached skill level 1 in Translocations
  1883 | D:3      | Reached skill level 1 in Transmutations
  1883 | D:3      | Reached skill level 1 in Air Magic
  1883 | D:3      | Reached skill level 1 in Earth Magic
  1883 | D:3      | Reached skill level 1 in Poison Magic
  1889 | D:3      | Found a basalt altar of Yredelemnul.
  1954 | D:3      | Reached XP level 5. HP: 10/40 MP: 5/12
  2934 | D:4      | Noticed Natasha
  2942 | D:4      | Killed Natasha
  3065 | D:4      | Reached XP level 6. HP: 40/47 MP: 11/13
  3134 | D:4      | Noticed Robin
  3151 | D:4      | Paralysed by a crimson imp for 2 turns
  3908 | D:5      | Entered Level 5 of the Dungeon
  3961 | D:4      | Killed Robin
  3962 | D:4      | Noticed Natasha
  3970 | D:4      | Killed Natasha
  3980 | D:4      | Noticed Natasha
  4000 | D:4      | Killed Natasha
  4242 | D:4      | Gained mutation: Your spells are a little harder to cast, but a little more powerful. [potion of mutation]
  4242 | D:4      | Gained mutation: You possess an exceptional clarity of mind. [potion of mutation]
  4301 | D:4      | Found a staircase to the Ecumenical Temple.
  4307 | D:4      | Reached XP level 7. HP: 45/52 MP: 10/15
  4408 | D:4      | Found a shimmering altar of Xom.
  4411 | D:4      | Found a burning altar of Makhleb.
  5083 | Temple   | Entered the Ecumenical Temple
  5130 | Temple   | Became a worshipper of Hepliaklqana the Forgotten
  5303 | D:5      | Found Sakh's Gadget Emporium.
  5588 | D:5      | Found a sacrificial altar of Ru.
  5688 | D:6      | Found Tast's Assorted Antiques.
  5698 | D:6      | Reached XP level 8. HP: 43/54 MP: 16/16
  5709 | D:6      | Bought a glowing trident for 208 gold pieces
  5818 | D:6      | Reached * piety under Hepliaklqana
  6328 | D:6      | Reached skill level 6 in Spellcasting
  7199 | D:7      | Found a bloodstained altar of Trog.
  7217 | D:7      | Learned a level 3 spell: Inner Flame
  7294 | D:7      | Reached XP level 9. HP: 42/59 MP: 18/18
  7303 | D:7      | Learned a level 3 spell: Regeneration
  7451 | D:7      | Reached ** piety under Hepliaklqana
  7483 | D:7      | Remembered your ancestor Bojana as a hexer
  7675 | D:7      | Reached skill level 5 in Fire Magic
  7936 | D:8      | Slain by a porcupine

Skill      XL: |  1  2  3  4  5  6  7  8  9 |
---------------+----------------------------+-----
Ice Magic      | 2 3 4 |  4.0
Spellcasting   | 5 6 |  6.4
Invocations    | 1 2 3 4 |  4.4
Short Blades   | 1 2 3 4 |  4.0
Long Blades    | 1 2 3 4 |  4.0
Axes           | 1 2 3 4 |  4.0
Maces & Flails | 1 2 3 4 |  4.0
Polearms       | 1 2 3 4 |  4.0
Staves         | 1 2 3 4 |  4.0
Slings         | 1 2 3 4 |  4.0
Bows           | 1 2 3 4 |  4.0
Crossbows      | 1 2 3 4 |  4.0
Throwing       | 1 2 3 4 |  4.0
Armour         | 1 2 3 4 |  4.0
Unarmed Combat | 1 2 3 4 |  4.0
Conjurations   | 1 2 3 |  3.2
Hexes          | 1 2 3 |  3.2
Charms         | 1 2 3 |  3.2
Summonings     | 1 2 3 |  3.2
Necromancy     | 1 2 3 |  3.2
Translocations | 1 2 3 |  3.2
Transmutations | 1 2 3 |  3.2
Air Magic      | 1 2 3 |  3.2
Earth Magic    | 1 2 3 |  3.2
Poison Magic   | 1 2 3 |  3.2
Fighting       | 3 4 |  4.8
Dodging        | 3 4 |  4.8
Shields        | 3 4 |  4.8
Fire Magic     | 4 5 |  5.1
Evocations     | 3 4 |  4.8
Stealth        | 3 4 |  4.7

Action                   |  1- 3 |  4- 6 |  7- 9 || total
-------------------------+-------+-------+-------++-------
Melee: Spear             |   102 |   213 |   156 ||   471
       Bite              |     6 |    15 |    24 ||    45
       Punch             |       |     1 |     1 ||     2
       Unarmed           |       |     4 |       ||     4
       Trident           |       |       |   102 ||   102
 Cast: Flame Tongue      |    12 |    88 |    86 ||   186
       Conjure Flame     |       |     7 |       ||     7
Invok: Ancestor Life: He |       |       |     1 ||     1
  Use: Scroll            |     6 |     7 |     5 ||    18
       Potion            |       |     3 |       ||     3
 Stab: Sleeping          |    10 |     2 |     5 ||    17
       Distracted        |       |       |     2 ||     2
  Eat: Chunk             |     2 |     6 |     8 ||    16
       Ration            |       |     1 |     1 ||     2
Armor: Leather armour    |    27 |    49 |    67 ||   143
       Robe              |     1 |       |       ||     1
Dodge: Dodged            |    60 |   156 |   164 ||   380
Block: Other             |       |       |    27 ||    27
       Reflection        |       |       |     3 ||     3
